APL (24 & UNDER)
EL PASO TEXANS @ SAVANNAH HOGS
09/09/2028
 
TOP OF THE 1ST
El Paso Texans batting - Pitching for Savannah Hogs : RHP John Allen
Pitching: RHP John Allen
Batting: LHB Mark Spencer 0-0: Ball
1-0: Called Strike
1-1: Ball
2-1: SINGLE (Line Drive, 4D)
Batting: RHB Cole Boehmer 0-0: Ball
1-0: DOUBLE (Flyball, 9D)
Mark Spencer to third
Runner from 3rd tries for Home, throw and OUT!
Cole Boehmer to third
Batting: RHB Marvin Johnson 0-0: Ball
1-0: Called Strike
1-1: Ball
2-1: Fly out, F4 (Popup, 34)
Batting: RHB Rafael Crus 0-0: Foul Ball, location: 2F
0-1: Ball
1-1: Foul Ball, location: 2F
1-2: Ball
2-2: Strikes out looking
Top of the 1st over - 0 run(s), 2 hit(s), 0 error(s), 1 left on base; El Paso 0 - Savannah 0
BOTTOM OF THE 1ST
Savannah Hogs batting - Pitching for El Paso Texans : RHP António Lara
Pitching: RHP António Lara
Batting: RHB Guillermo González 0-0: Ball
1-0: Called Strike
1-1: Ball
2-1: Foul Ball, location: 2F
2-2: Fly out, F7 (Line Drive, 78M)
Batting: RHB Joel García 0-0: Ball
1-0: Ball
2-0: Called Strike
2-1: Ball
3-1: DOUBLE (Flyball, 89M)
Batting: RHB Henry Haines 0-0: Ball
1-0: Foul Ball, location: 2F
1-1: Ground out 6-3 (Groundball, 56)
Batting: SHB Juan Soriano 0-0: Called Strike
0-1: Ball
1-1: Ground out 6-3 (Groundball, 6)
Bottom of the 1st over - 0 run(s), 1 hit(s), 0 error(s), 1 left on base; El Paso 0 - Savannah 0
TOP OF THE 2ND
El Paso Texans batting - Pitching for Savannah Hogs : RHP John Allen
Batting: LHB John Fitzgerald 0-0: Ball
1-0: Foul Ball, location: 2F
1-1: Ball
2-1: Foul Ball, location: 2F
2-2: Strikes out looking
Batting: RHB Javier Álvarez 0-0: Called Strike
0-1: Foul Ball, location: 2F
0-2: Ball
1-2: Ball
2-2: Foul Ball, location: 2F
2-2: Ball
3-2: Hit by Pitch
Batting: RHB Andrew O'Dell 0-0: Ball
1-0: SINGLE (Groundball, 34D)
Javier Álvarez to second
Batting: RHB Gabriel Santana 0-0: SINGLE (Line Drive, 56D)
Javier Álvarez to third
Andrew O'Dell to second
Batting: RHB Domingo Morales 0-0: Called Strike
0-1: Ball
1-1: Foul Ball, location: 2F
1-2: Fly out, F8 (Flyball, 8LM)
Batting: LHB Mark Spencer 0-0: Ground out U3 (Groundball, 3)
Top of the 2nd over - 0 run(s), 2 hit(s), 0 error(s), 3 left on base; El Paso 0 - Savannah 0
BOTTOM OF THE 2ND
Savannah Hogs batting - Pitching for El Paso Texans : RHP António Lara
Batting: RHB Júlio Contreras 0-0: Ball
1-0: Ball
2-0: TRIPLE (Line Drive, 8LM)
Batting: LHB Marv Gardner 0-0: Called Strike
0-1: Ball
1-1: Ball
2-1: SINGLE (Groundball, 3D)
Júlio Contreras scores
Batting: RHB Jorge Chávez 0-0: Called Strike
0-1: Fly out, F9 (Flyball, 9LS)
Batting: LHB Felipe Franco 0-0: Ball
1-0: Ball
2-0: Ball
3-0: Called Strike
3-1: Foul Ball, location: 2F
3-2: Base on Balls
Marv Gardner to second
Batting: LHB Robin Hill 0-0: Ball
1-0: Foul Ball, location: 2F
1-1: Ball
2-1: Ball
3-1: Swinging Strike
3-2: Foul Ball, location: 2F
3-2: Grounds into double play, 4-6-3 (Groundball, 4)
Bottom of the 2nd over - 1 run(s), 2 hit(s), 0 error(s), 1 left on base; El Paso 0 - Savannah 1
TOP OF THE 3RD
El Paso Texans batting - Pitching for Savannah Hogs : RHP John Allen
Batting: RHB Cole Boehmer 0-0: Foul Ball, location: 2F
0-1: Ball
1-1: Foul Ball, location: 2F
1-2: Strikes out swinging
Batting: RHB Marvin Johnson 0-0: Ball
1-0: Ball
2-0: Fly out, F9 (Line Drive, 89M)
Batting: RHB Rafael Crus 0-0: Ground out 6-3 (Groundball, 56)
Top of the 3rd over - 0 run(s), 0 hit(s), 0 error(s), 0 left on base; El Paso 0 - Savannah 1
BOTTOM OF THE 3RD
Savannah Hogs batting - Pitching for El Paso Texans : RHP António Lara
Batting: RHB Guillermo González 0-0: Called Strike
0-1: Ball
1-1: Ball
2-1: Swinging Strike
2-2: Ball
3-2: DOUBLE (Flyball, 78XD)
Batting: RHB Joel García 0-0: Called Strike
0-1: Ball
1-1: Fly out, F9 (Line Drive, 9)
Runner from 2nd tags up, SAFE at 3rd with throw
Batting: RHB Henry Haines 0-0: SINGLE (Groundball, 6D)
Guillermo González scores
Batting: SHB Juan Soriano 0-0: Ball
1-0: Fly out, F7 (Flyball, 7S)
Batting: RHB Júlio Contreras 0-0: Ball
1-0: Called Strike
1-1: Ball
2-1: Foul Ball, location: 2F
2-2: SINGLE (Flyball, 8LS)
Henry Haines to second
Batting: LHB Marv Gardner 0-0: Ball
1-0: Ball
Wild Pitch!
Henry Haines to third
Júlio Contreras to second
2-0: Called Strike
2-1: Fly out, F7 (Flyball, 7LM)
Bottom of the 3rd over - 1 run(s), 3 hit(s), 0 error(s), 2 left on base; El Paso 0 - Savannah 2
TOP OF THE 4TH
El Paso Texans batting - Pitching for Savannah Hogs : RHP John Allen
Batting: LHB John Fitzgerald 0-0: Ball
1-0: Foul Ball, location: 2F
1-1: Foul Ball, location: 2F
1-2: Strikes out swinging
Batting: RHB Javier Álvarez 0-0: Called Strike
0-1: Ball
1-1: Called Strike
1-2: Strikes out swinging
Batting: RHB Andrew O'Dell 0-0: Foul Ball, location: 2F
0-1: Ball
1-1: Ball
2-1: DOUBLE (Line Drive, 7LM)
Batting: RHB Gabriel Santana 0-0: Ball
1-0: Ground out 4-3 (Groundball, 4)
Top of the 4th over - 0 run(s), 1 hit(s), 0 error(s), 1 left on base; El Paso 0 - Savannah 2
BOTTOM OF THE 4TH
Savannah Hogs batting - Pitching for El Paso Texans : RHP António Lara
Batting: RHB Jorge Chávez 0-0: Foul Ball, location: 2F
0-1: Foul Ball, location: 2F
0-2: Ball
1-2: Strikes out looking
Batting: LHB Felipe Franco 0-0: Fly out, F4 (Popup, 34D)
Batting: LHB Robin Hill 0-0: Foul Ball, location: 2F
0-1: Ball
1-1: Swinging Strike
1-2: Ball
2-2: Ball
3-2: Base on Balls
Batting: RHB Guillermo González 0-0: Ground out 1-3 (Groundball, 13)
Bottom of the 4th over - 0 run(s), 0 hit(s), 0 error(s), 1 left on base; El Paso 0 - Savannah 2
TOP OF THE 5TH
El Paso Texans batting - Pitching for Savannah Hogs : RHP John Allen
Batting: RHB Domingo Morales 0-0: Ball
1-0: Called Strike
1-1: Ball
2-1: Foul Ball, location: 2F
2-2: Ball
3-2: Base on Balls
Batting: LHB Mark Spencer 0-0: Ball
1-0: Foul Ball, location: 2F
1-1: Called Strike
1-2: SINGLE (Groundball, 34S) (infield hit)
Domingo Morales to second
Batting: RHB Cole Boehmer 0-0: Swinging Strike
0-1: Called Strike
0-2: Foul Ball, location: 2F
0-2: Ball
1-2: Strikes out swinging
Batting: RHB Marvin Johnson 0-0: Ball
1-0: Fly out, F9 (Flyball, 9LS)
Batting: RHB Rafael Crus 0-0: Called Strike
0-1: Foul Ball, location: 2F
0-2: Ball
1-2: SINGLE (Popup, 4D)
Domingo Morales to third
Mark Spencer to second
Runner from 3rd tries for Home, SAFE, no throw
Batting: LHB John Fitzgerald 0-0: Called Strike
0-1: Called Strike
0-2: Strikes out swinging
Top of the 5th over - 1 run(s), 2 hit(s), 0 error(s), 2 left on base; El Paso 1 - Savannah 2
BOTTOM OF THE 5TH
Savannah Hogs batting - Pitching for El Paso Texans : RHP António Lara
Batting: RHB Joel García 0-0: Ball
1-0: Ball
2-0: Called Strike
2-1: Called Strike
2-2: SINGLE (Line Drive, 9LS)
Batting: RHB Henry Haines 0-0: Ball
1-0: Ball
2-0: Ball
3-0: Called Strike
3-1: Base on Balls
Joel García to second
Batting: SHB Juan Soriano 0-0: Called Strike
0-1: Foul Ball, location: 2F
0-2: Foul Ball, location: 2F
0-2: Foul Ball, location: 2F
0-2: Foul Ball, location: 2F
0-2: Hit by Pitch
Joel García to third
Henry Haines to second
Pitching: RHP Oscar Martin
Batting: RHB Júlio Contreras 0-0: Ball
1-0: Ball
2-0: Fly out, F8 (Line Drive, 8RS)
Runner from 3rd tags up, SCORES, no throw
Batting: LHB Marv Gardner 0-0: Foul Ball, location: 2F
0-1: Ball
1-1: Ball
2-1: Ball
3-1: SINGLE (Groundball, 4M) (infield hit)
Henry Haines to third
Juan Soriano to second
Batting: RHB Jorge Chávez 0-0: Ball
1-0: Ball
2-0: Ball
3-0: Called Strike
3-1: Base on Balls
Henry Haines scores
Juan Soriano to third
Marv Gardner to second
Batting: LHB Felipe Franco 0-0: Called Strike
0-1: Swinging Strike
0-2: GRAND SLAM HOME RUN (Line Drive, 9D), Distance : 388 ft
Pitching: RHP Juan Villa
Batting: LHB Robin Hill 0-0: Called Strike
0-1: Foul Ball, location: 2F
0-2: Ball
1-2: Fly out, F8 (Flyball, 8LM)
Batting: RHB Guillermo González 0-0: Foul Ball, location: 2F
0-1: Foul Ball, location: 2F
0-2: Strikes out swinging
Bottom of the 5th over - 6 run(s), 3 hit(s), 0 error(s), 0 left on base; El Paso 1 - Savannah 8
TOP OF THE 6TH
El Paso Texans batting - Pitching for Savannah Hogs : RHP John Allen
Batting: RHB Javier Álvarez 0-0: Ball
1-0: Ground out 1-3 (Groundball, P)
Batting: RHB Andrew O'Dell 0-0: Called Strike
0-1: Foul Ball, location: 2F
0-2: Foul Ball, location: 2F
0-2: Ball
1-2: Ball
2-2: Foul Ball, location: 2F
2-2: DOUBLE (Groundball, 5L)
Pitching: RHP Javier Franco
Batting: RHB Gabriel Santana 0-0: Ball
1-0: Swinging Strike
1-1: Ball
2-1: Foul Ball, location: 2F
2-2: Strikes out swinging
Batting: RHB Domingo Morales 0-0: Foul Ball, location: 2F
0-1: Ball
1-1: Fly out, F7 (Line Drive, 78M)
Top of the 6th over - 0 run(s), 1 hit(s), 0 error(s), 1 left on base; El Paso 1 - Savannah 8
BOTTOM OF THE 6TH
Savannah Hogs batting - Pitching for El Paso Texans : RHP Juan Villa
Batting: RHB Joel García 0-0: Foul Ball, location: 2F
0-1: Foul Ball, location: 2F
0-2: Foul Ball, location: 2F
0-2: Ball
1-2: Strikes out swinging
Batting: RHB Henry Haines 0-0: SINGLE (Groundball, 56D)
Batting: SHB Juan Soriano 0-0: Ball
1-0: Called Strike
1-1: Fly out, F8 (Flyball, 8LM)
Batting: RHB Júlio Contreras 0-0: Ball
1-0: Ball
2-0: Ball
3-0: Base on Balls
Henry Haines to second
Batting: LHB Marv Gardner 0-0: Called Strike
0-1: Ball
1-1: Ball
2-1: Foul Ball, location: 2F
2-2: Foul Ball, location: 2F
2-2: Ground out U3 (Groundball, 34)
Bottom of the 6th over - 0 run(s), 1 hit(s), 0 error(s), 2 left on base; El Paso 1 - Savannah 8
TOP OF THE 7TH
El Paso Texans batting - Pitching for Savannah Hogs : RHP Javier Franco
Batting: LHB Mark Spencer 0-0: Foul Ball, location: 2F
0-1: Called Strike
0-2: Ball
1-2: SINGLE (Groundball, 34D)
Batting: RHB Cole Boehmer 0-0: Called Strike
0-1: Ball
1-1: Called Strike
1-2: Ball
2-2: Strikes out swinging
Batting: RHB Marvin Johnson 0-0: Ball
Mark Spencer is caught stealing 2nd base
1-0: SINGLE (Groundball, 4D)
Batting: RHB Rafael Crus 0-0: SINGLE (Line Drive, 6D)
Marvin Johnson to second
Batting: LHB John Fitzgerald 0-0: Ball
1-0: Called Strike
1-1: Ball
2-1: Ball
3-1: Foul Ball, location: 2F
3-2: Base on Balls
Marvin Johnson to third
Rafael Crus to second
Batting: RHB Javier Álvarez 0-0: DOUBLE (Flyball, 9D)
Marvin Johnson scores
Rafael Crus scores
John Fitzgerald to third
Runner from 3rd tries for Home, SAFE, no throw
Pitching: LHP Ricardo Rosário
Batting: RHB Andrew O'Dell 0-0: Called Strike
0-1: Swinging Strike
0-2: Ball
1-2: DOUBLE (Flyball, 89D)
Javier Álvarez scores
Batting: RHB Gabriel Santana 0-0: Reached on error, E5 (Groundball, 5)
Andrew O'Dell scores
Batting: RHB Domingo Morales 0-0: Foul Ball, location: 2F
0-1: Called Strike
0-2: Fly out, F9 (Flyball, 9)
Top of the 7th over - 5 run(s), 5 hit(s), 1 error(s), 1 left on base; El Paso 6 - Savannah 8
BOTTOM OF THE 7TH
Savannah Hogs batting - Pitching for El Paso Texans : RHP Juan Villa
Batting: RHB Jorge Chávez 0-0: Ball
1-0: Ball
2-0: Called Strike
2-1: Ball
3-1: Foul Ball, location: 2F
3-2: Base on Balls
Batting: LHB Felipe Franco 0-0: Ball
1-0: Called Strike
1-1: Foul Ball, location: 2F
1-2: Foul Ball, location: 2F
1-2: Strikes out swinging
Batting: LHB Robin Hill 0-0: Called Strike
0-1: Ball
1-1: Ball
2-1: Ball
3-1: Called Strike
3-2: TRIPLE (Flyball, 78D)
Jorge Chávez scores
Batting: RHB Guillermo González 0-0: Called Strike
0-1: Foul Ball, location: 2F
0-2: SINGLE (Line Drive, 8LS)
Robin Hill scores
Pitching: RHP Mike Church
Batting: RHB Joel García 0-0: Called Strike
Throwing error on steal attempt, E2
Guillermo González to third
0-1: Ball
1-1: Called Strike
1-2: Ball
2-2: Foul Ball, location: 2F
2-2: Foul Ball, location: 2F
2-2: Fly out, F7 (Line Drive, 7)
Runner from 3rd tags up, SCORES, no throw
Batting: RHB Henry Haines 0-0: Called Strike
0-1: Foul Ball, location: 2F
0-2: Fly out, F4 (Flyball, 34D)
Bottom of the 7th over - 3 run(s), 2 hit(s), 1 error(s), 0 left on base; El Paso 6 - Savannah 11
TOP OF THE 8TH
El Paso Texans batting - Pitching for Savannah Hogs : LHP Ricardo Rosário
Now at 3B: Luis González
Batting: LHB Mark Spencer 0-0: Ball
1-0: Ball
2-0: Ground out 4-3 (Groundball, 4)
Batting: RHB Cole Boehmer 0-0: Ball
1-0: Called Strike
1-1: SINGLE (Groundball, 6MD)
Batting: RHB Marvin Johnson 0-0: Ball
1-0: Ball
Wild Pitch!
Cole Boehmer to second
2-0: Swinging Strike
2-1: Ball
3-1: Foul Ball, location: 2F
3-2: Foul Ball, location: 2F
3-2: Strikes out swinging
Batting: RHB Rafael Crus 0-0: Ground out 6-3 (Groundball, 6)
Top of the 8th over - 0 run(s), 1 hit(s), 0 error(s), 1 left on base; El Paso 6 - Savannah 11
BOTTOM OF THE 8TH
Savannah Hogs batting - Pitching for El Paso Texans : RHP Mike Church
Batting: SHB Juan Soriano 0-0: Called Strike
0-1: Called Strike
0-2: Strikes out swinging
Batting: RHB Júlio Contreras 0-0: Ball
1-0: Called Strike
1-1: Called Strike
1-2: Strikes out swinging
Batting: LHB Marv Gardner 0-0: Ball
1-0: Ball
2-0: Ball
3-0: Called Strike
3-1: Foul Ball, location: 2F
3-2: Reached on error, E4 (Groundball, 4)
Batting: RHB Jorge Chávez 0-0: Ball
1-0: Ground out 5-3 (Groundball, 56S)
Bottom of the 8th over - 0 run(s), 0 hit(s), 1 error(s), 1 left on base; El Paso 6 - Savannah 11
TOP OF THE 9TH
El Paso Texans batting - Pitching for Savannah Hogs : LHP Ricardo Rosário
Now at 2B: Ramón Gómez
Batting: LHB John Fitzgerald 0-0: Foul Ball, location: 2F
0-1: Swinging Strike
0-2: Ball
1-2: Ball
2-2: Foul Ball, location: 2F
2-2: Ground out 5-3 (Groundball, 25)
Batting: RHB Javier Álvarez 0-0: Ball
1-0: Ball
2-0: Fly out, F9 (Flyball, 9)
Batting: RHB Andrew O'Dell 0-0: Ball
1-0: Foul Ball, location: 2F
1-1: Ball
2-1: Foul Ball, location: 2F
2-2: Ball
3-2: Base on Balls
Batting: RHB Gabriel Santana 0-0: Called Strike
0-1: Fly out, F8 (Flyball, 89M)
Top of the 9th over - 0 run(s), 0 hit(s), 0 error(s), 1 left on base; El Paso 6 - Savannah 11
Tuesday, August 8th, 2017 - OOTP Baseball 17.12 Build 75